 Dungeon Crawl Stone Soup version 0.17-a0-1949-g1acca9a (webtiles) character file.

21 AvylaarBelgium the Cutter (level 2, -4/22 HPs)
             Began as a Demonspawn Gladiator on Oct 2, 2015.
             Slain by a kobold
             ... wielding a +0 short sword
              (5 damage)
             ... on level 2 of the Dungeon.
             The game lasted 00:02:05 (1017 turns).

AvylaarBelgium the Cutter (Demonspawn Gladiator)    Turns: 1017, Time: 00:02:05

Health: -4/22      AC:  9    Str: 15    XL:     2   Next: 65%
Magic:  2/2        EV:  9    Int:  9    God:
Gold:   46         SH:  7    Dex: 13    Spells: 0 memorised, 1 level left

rFire  . . .     SeeInvis .     a - +0 rapier
rCold  . . .     Clarity  .     b - +0 leather armour
rNeg   . . .     SustAt   .     m - +0 shield
rPois  .         Gourm    .     c - +0 helmet
rElec  .         Spirit   .     h - +0 cloak
rCorr  .         Warding  .     (no gloves)
rMut   .         Stasis   .     (no boots)
MR     .....                    (no amulet)
Stlth  +.........               (no ring)
                                (no ring)

@: not resistant to hostile enchantments, very unstealthy
A: iridescent scales 1
a: no special abilities


You were on level 2 of the Dungeon.
You were not hungry.

You visited 1 branch of the dungeon, and saw 2 of its levels.

You collected 46 gold pieces.

Inventory:

Hand weapons
 a - a +0 rapier (weapon)
Missiles
 d - 3 throwing nets (quivered)
 k - 26 poisoned needles
Armour
 b - a +0 leather armour (worn)
 c - a +0 helmet (worn)
 h - a +0 cloak (worn)
 m - a +0 shield (worn)
Jewellery
 i - an uncursed amulet of resist mutation {unknown}
Scrolls
 j - 2 scrolls of remove curse {unknown}
 l - a scroll of identify {unknown}
 n - a scroll of noise {unknown}
 p - a scroll of fog {unknown}
Potions
 f - a potion of curing {unknown}
 g - a potion of magic {unknown}
 q - a potion of degeneration {unknown}
Comestibles
 e - a bread ration
 o - a beef jerky


   Skills:
 - Level 2.1 Fighting
 + Level 3.1 Short Blades
 - Level 1.7 Throwing
 - Level 3.0 Dodging
 + Level 0.5 Shields


You had one spell level left.
You didn't know any spells.

Dungeon Overview and Level Annotations

Branches:
Dungeon (2/15)

Altars:


Innate Abilities, Weirdness & Mutations

You are partially covered in iridescent scales (AC +4).


Message History

You barely miss the adder. The kobold closely misses you.
The goblin hits you but does no damage. The adder bites you but does no damage.
You barely miss the adder. The goblin hits you but does no damage.
You block the kobold's attack. You block the adder's attack.
The goblin hits you.
You barely miss the adder. You block the adder's attack.
The kobold hits you but does no damage. The adder bites you but does no damage.
The goblin barely misses you.
You barely miss the adder. You block the kobold's attack.
The adder barely misses you. The goblin hits you.
You hit the adder.
The adder is heavily wounded.
The kobold hits you with a short sword.
* * * LOW HITPOINT WARNING * * *
The adder barely misses you. The goblin hits you.
* * * LOW HITPOINT WARNING * * *
You barely miss the adder.
The adder is heavily wounded.
You block the adder's attack. The kobold hits you with a short sword.
You die...

#...##.####
###.....b.w.#
#.......w##.##
#........##..#
#...........b###
##.....#.###^w.###.#
#.....#.# ##..K...###
#.###...####w###....#
# ##....##gK@S#.#.
##.#..####gl.# #.# .#
#..# #.# # .... #w#
..... #.# .. .....
#.# .... ..!.
######.####.... ...b
#..............


You could see a worm, an adder, a hobgoblin, a goblin, a bat, a kobold and a
giant newt.

Vanquished Creatures
  2 giant geckos (D:1)
  3 hobgoblins
  4 bats (D:1)
  3 giant newts (D:1)
  3 goblins (D:1)
  2 kobolds (D:1)
  3 rats (D:1)
20 creatures vanquished.

Notes
Turn   | Place    | Note
--------------------------------------------------------------
     0 | D:1      | AvylaarBelgium the Demonspawn Gladiator began the quest for the Orb.
     0 | D:1      | Reached XP level 1. HP: 16/16 MP: 1/1
   501 | D:1      | Gained mutation: You are partially covered in iridescent scales (AC +4). [demonic ancestry]
   501 | D:1      | Reached XP level 2. HP: 19/22 MP: 2/2
   502 | D:1      | Reached skill level 3 in Short Blades
  1016 | D:2      | HP: 1/22 [goblin (4)]
  1017 | D:2      | Slain by a kobold

Vault maps used:
D:1:      dpeg_arrival_simpleton_b
D:2:      uniq_terence

Action                   || total
-------------------------++-------
Melee: Rapier            ||    93
